 Dungeon Crawl Stone Soup version 0.15-a0-1866-g491fd59 (webtiles) character file.

1204 Kenran the Grappler (level 8, -18/64 HPs)
             Began as a Minotaur Monk on July 4, 2014.
             Demolished by Joseph
             ... wielding a +1 quarterstaff of crushing
              (19 damage)
             ... on Level 7 of the Dungeon.
             The game lasted 00:17:35 (7088 turns).

Kenran the Grappler (Minotaur Monk)                 Turns: 7088, Time: 00:17:35

HP -18/64        AC  4     Str 18      XL: 8   Next: 21%
MP   3/3         EV 13     Int  5 (7)  God:
Gold 367         SH  0     Dex 13      Spells:  0 memorised,  7 levels left

rFire  + . .     SeeInvis .       - Unarmed
rCold  + . .     Clarity  .     j - +2 robe {rC+ rF+}
rNeg   . . .     rCorr    .     (no shield)
rPois  .         rRot     .     (helmet restricted)
rElec  .         Spirit   .     (no cloak)
SustAb .         Warding  .     (no gloves)
rMut   .         Stasis   .     (no boots)
Gourm  .                        (no amulet)
MR     .....                    (no ring)
                                (no ring)

@: not resistant to hostile enchantments, unstealthy
A: retaliatory headbutt, horns 2
a: no special abilities


You were on level 7 of the Dungeon.
You were not hungry.

You visited 2 branches of the dungeon, and saw 8 of its levels.

You collected 367 gold pieces.

Inventory:

Armour
 i - a +2 robe of magic resistance
 j - a +2 robe of resistance (worn)
Magical devices
 f - a wand of slowing (7)
 k - a wand of fire (0)
Comestibles
 b - 5 bread rations
 d - 5 meat rations
 w - 3 chunks of black bear flesh
Scrolls
 g - 2 scrolls of identify
 h - a scroll of magic mapping
 l - 2 scrolls of remove curse
 s - a scroll of fear {unknown}
Jewellery
 a - an uncursed ring of protection from cold {unknown}
 e - an uncursed ring of protection from magic {unknown}
 u - a cursed amulet of inaccuracy {unknown}
Potions
 c - 3 potions of brilliance
 n - a potion of curing {unknown}
 o - 3 potions of flight
 q - a potion of poison {unknown}
 r - a potion of berserk rage {unknown}
 t - a potion of restore abilities {unknown}
 v - a potion of mutation {unknown}


   Skills:
 - Level 3.6 Fighting
 - Level 3.2 Dodging
 - Level 1.5 Stealth
 + Level 11.4 Unarmed Combat


You had 7 spell levels left.
You didn't know any spells.

Dungeon Overview and Level Annotations

Branches:
Dungeon (7/15)             Temple (1/1) D:6

Altars:
Ashenzari
Dithmenos
Elyvilon
Fedhas
Gozag
Kikubaaqudgha
Nemelex Xobeh
Okawaru
Qazlal
Sif Muna
Trog
Vehumet
Xom
Yredelemnul
Zin
The Shining One

Annotations:
D:4 Sigmund
D:6 vYxOr's ghost, experienced MiFi
D:7 Joseph


Innate Abilities, Weirdness & Mutations

You reflexively headbutt those who attack you in melee.
You have a pair of horns on your head.


Message History

Joseph is heavily wounded.
Joseph tries to grin evilly.
Joseph hits you with an uncursed runed quarterstaff.
* * * LOW HITPOINT WARNING * * *
x2 You barely miss Joseph.
Joseph is heavily wounded.
Drink which item? (? for menu, Esc to quit)
Okay, then.
Read which item? (? for menu, Esc to quit)
Okay, then.
Drink which item? (? for menu, Esc to quit)
There was something very wrong with that liquid!
You feel dopey.
It was a potion of degeneration.
Joseph hits you with an uncursed runed quarterstaff.
* * * LOW HITPOINT WARNING * * *
x2 Drink which item? (? for menu, Esc to quit)
Magic courses through your body.
It was a potion of magic.
Joseph hits you with an uncursed runed quarterstaff!!
You die...

.# ##..##..# #####
.#######.#..#..###...##.##
........###......).#.......
########.#..#.####<.<#
##......# ##### ###.#(.#
#.#..##### #..(.....#
#.#...@..# #.##.@####
#....#.# #.##..## #.##..#
#... #..#. ##.#. .# #


You could see Joseph.

Vanquished Creatures
  A phantom (D:4)
  A black bear (D:7)
  An ice beast (D:5)
  2 centaurs (D:5)
  A scorpion (D:6)
  3 wights (D:6)
  A goliath beetle (D:6)
  2 orc priests (D:6)
  A crimson imp (D:5)
  A hound (D:4)
  4 orc wizards
  An iguana (D:4)
  A worker ant (D:4)
  Jessica (D:2)
  13 adders
  A worm (D:5)
  A giant mite (D:5)
  An adder zombie (D:5)
  4 giant geckos
  2 oozes
  16 orcs
  A ball python (D:5)
  2 bat skeletons
  4 giant cockroaches
  15 hobgoblins
  9 jackals
  8 kobolds
  2 quokkas
  16 bats
  A giant gecko zombie (D:6)
  6 giant newts
  14 goblins
  A hobgoblin skeleton (D:4)
  A jackal zombie (D:5)
  9 rats
148 creatures vanquished.

Notes
Turn   | Place    | Note
--------------------------------------------------------------
     0 | D:1      | Kenran, the Minotaur Monk, began the quest for the Orb.
     0 | D:1      | Reached XP level 1. HP: 19/19 MP: 1/1
   421 | D:1      | Reached XP level 2. HP: 26/26 MP: 1/1
   431 | D:1      | Reached skill level 5 in Unarmed Combat
   904 | D:2      | Reached XP level 3. HP: 26/31 MP: 2/2
  1058 | D:2      | Found a deep blue altar of Sif Muna.
  1063 | D:2      | Noticed Jessica
  1072 | D:2      | Killed Jessica
  1072 | D:2      | Reached skill level 6 in Unarmed Combat
  1072 | D:2      | Reached XP level 4. HP: 39/39 MP: 2/2
  2176 | D:3      | Found an opulent altar of Gozag.
  2250 | D:3      | Found a stormy altar of Qazlal.
  2435 | D:3      | Found an ancient bone altar of Kikubaaqudgha.
  2444 | D:3      | Reached skill level 7 in Unarmed Combat
  2444 | D:3      | Reached XP level 5. HP: 45/45 MP: 2/2
  3250 | D:4      | Noticed a phantom
  3289 | D:4      | Killed a phantom
  3289 | D:4      | Reached skill level 8 in Unarmed Combat
  3289 | D:4      | Reached XP level 6. HP: 10/51 MP: 3/3
  4139 | D:4      | Noticed Sigmund
  4167 | D:5      | Entered Level 5 of the Dungeon
  4274 | D:5      | Reached skill level 9 in Unarmed Combat
  4300 | D:5      | Found a shattered altar of Ashenzari.
  4348 | D:5      | Found a glowing silver altar of Zin.
  4350 | D:5      | Found a blossoming altar of Fedhas.
  4430 | D:5      | Reached XP level 7. HP: 44/57 MP: 3/3
  4488 | D:5      | Reached skill level 10 in Unarmed Combat
  5750 | D:6      | Found a sparkling altar of Nemelex Xobeh.
  5887 | D:6      | Found a staircase to the Ecumenical Temple.
  5897 | Temple   | Entered the Ecumenical Temple
  5993 | D:6      | Reached XP level 8. HP: 64/64 MP: 3/3
  6152 | D:6      | Reached skill level 11 in Unarmed Combat
  6170 | D:6      | Noticed vYxOr's ghost (experienced MiFi)
  7002 | D:7      | Found a bloodstained altar of Trog.
  7069 | D:7      | Noticed Joseph
  7087 | D:7      | HP: 3/64 [Joseph/uncursed runed quarterstaff (6)]
  7087 | D:7      | HP: 1/64 [Joseph/uncursed runed quarterstaff (2)]
  7088 | D:7      | Demolished by Joseph

Action                   |  1- 3 |  4- 6 |  7- 9 || total
-------------------------+-------+-------+-------++-------
Melee: Unarmed           |    79 |   177 |   137 ||   393
Evoke: Wand              |       |       |     2 ||     2
  Use: Scroll            |       |    11 |       ||    11
       Potion            |       |       |     3 ||     3
 Stab: Sleeping          |       |       |     3 ||     3
